 Dungeon Crawl Stone Soup version 0.30.0-30-g96aa6591b8 (webtiles) character file.

Game seed: 13399880857266994627

546 McKennaii the Conjurer (level 6, -2/45 HPs)
             Began as a Demigod Conjurer on June 29, 2023.
             Killed from afar by an oklob plant (29 damage)
             ... with a splash of acid
             ... on level 3 of the Dungeon.
             The game lasted 00:03:16 (4249 turns).

McKennaii the Conjurer (Demigod Conjurer)           Turns: 4249, Time: 00:03:16

Health: -2/45      AC: -5    Str:  8    XL:     6   Next: 78%
Magic:  2/16       EV: 12    Int: 28    God:
Gold:   147        SH:  0    Dex: 12    Spells: 11/14 levels left

rFire   . . .        m - +3 spear "Wash" {speed, Will+}
rCold   . . .        (no shield)
rNeg    + . .        h - +0 robe {rN+}
rPois   .            (no helmet)
rElec   .            (no cloak)
rCorr   .            n - +0 pair of gloves
SInv    .            (no boots)
Will    +....        d - amulet of the acrobat
Stlth   ++           (no ring)
HPRegen 0.27/turn    (no ring)
MPRegen 0.15/turn

%: acrobat
@: corroded
A: high MP 1, forlorn, divine attributes
a: no special abilities


You were on level 3 of the Dungeon.
You visited 1 branch of the dungeon, and saw 3 of its levels.
You also visited: Sewer.

You collected 147 gold pieces.

Inventory:

Hand Weapons
 m - the +3 spear "Wash" (weapon) {speed, Will+}
   (You found it on level 3 of the Dungeon)

   Will:      It increases your willpower.
Armour
 h - a +0 robe of positive energy (worn)
 n - a +0 pair of gloves (worn)
Jewellery
 d - an amulet of the acrobat (around neck)
Scrolls
 c - 3 scrolls of identify {unknown}
 e - a scroll of fog {unknown}
 f - 3 scrolls of teleportation {unknown}
 j - a scroll of silence {unknown}
 l - 2 scrolls of magic mapping {unknown}
 o - a scroll of enchant armour {unknown}
 v - a scroll of fear {unknown}
Potions
 a - a potion of attraction {unknown}
 b - 2 potions of magic
 g - a potion of curing {unknown}
 i - a potion of cancellation {unknown}
 k - a potion of flight {unknown}
 p - a potion of degeneration {unknown}
 q - a potion of resistance {unknown}
 r - a potion of might {unknown}
 s - 4 potions of brilliance {unknown}
 t - a potion of haste {unknown}
 u - 2 potions of heal wounds {unknown}
 w - 2 potions of invisibility {unknown}


   Skills:
 - Level 1.7 Dodging
 - Level 1.7 Stealth
 + Level 4.7 Spellcasting
 + Level 6.1 Conjurations


You had 11 spell levels left.
You knew the following spells:

 Your Spells              Type           Power      Damage    Failure   Level
a - Magic Dart            Conj           100%       1d8       1%          1
b - Searing Ray           Conj           80%        2d7       1%          2

Your spell library contained the following spells:

 Spells                   Type           Power      Damage    Failure   Level
 Dazzling Flash           Conj/Hex       46%        N/A       6%          3
 Inner Flame              Hex/Fire       6%         N/A       21%         3
 Flame Wave               Conj/Fire      23%        2d8       21%         4
 Fulminant Prism          Conj/Hex       11%        3d8       21%         4
 Iskenderun's Mystic Bla  Conj/Tloc      23%        2d6       21%         4
 Sticky Flame             Conj/Fire      23%        2d4       21%         4


Dungeon Overview and Level Annotations

Branches:
Dungeon (3/15)              Sewer (visited)

Shops:
D:1 ?

Annotations:
D:3 exclusion: oklob plant


Innate Abilities, Weirdness & Mutations

You have an increased reservoir of magic. (+10% MP)
You shall have no god before yourself.
Your divine heritage dramatically boosts your attributes as you level up.


Message History

Press: ? - help, Shift-Dir - straight line, f/p - oklob plant
Aim: an oklob plant (severely damaged, 100% to hit)
The searing ray hits the oklob plant.
The oklob plant is almost destroyed. (Press . to maintain the ray.) Unknown command.
You aren't carrying any items that you can evoke.
The oklob plant spits acid at you. The splash of acid hits you.
The acid corrodes you!
You hit the oklob plant but do no damage.
The oklob plant is almost destroyed.
The oklob plant spits acid at you. The splash of acid hits you!
The acid corrodes you!
You hit the oklob plant but do no damage.
The oklob plant is almost destroyed.
You hit the oklob plant.
The oklob plant is almost destroyed.
You hit the oklob plant but do no damage.
The oklob plant is almost destroyed.
You hit the oklob plant but do no damage.
The oklob plant is severely damaged.
You hit the oklob plant but do no damage.
The oklob plant is severely damaged.
You hit the oklob plant but do no damage.
The oklob plant is severely damaged.
You hit the oklob plant but do no damage.
The oklob plant is severely damaged.
Unknown command.
You hit the oklob plant but do no damage.
The oklob plant is severely damaged.
Unknown command.
You hit the oklob plant but do no damage.
The oklob plant is severely damaged.
Unknown command.
You hit the oklob plant.
The oklob plant is severely damaged.
The oklob plant spits acid at you. The splash of acid hits you!!
Ouch! That really hurt!
You die...

...### #PP.♣.~≈~~...~~≈≈.##
.....#########P.♣......._.~~≈~...
............##PPP#.~~~~...~~≈~.##
.#.....####.##P#PP.~~≈≈~≈~~≈≈≈.#
.#.###.####..#PPP♣..~~≈≈≈≈~~~..P
.#..##..)...<#PPPP...~~≈≈~~≈..P♣#
.##.########.#PP.P.♣..~~~≈~..♣#♣
.##.##########P...PP♣........
.......##....#P.@PPPPPP#P#♣PP
..........####PP..PPPP#PPPPPP
#####.....#


#.PP.PPPP♣PP♣ ###....#.#####PP.PPP.#PP♣# .....#.#.....############
.....#.........##### .....####.<........# ## .....# #..........# #. .....#
#..........# #. You could see an oklob plant.

Vanquished Creatures
  An ogre (D:3)
  3 kobold brigands (Sewer)
  An orc priest (D:3)
  An iguana (D:3)
  10 adders
  2 river rats
  4 worms
  A dart slug (D:1)
  5 orcs (D:3)
  10 ball pythons
  10 endoplasms
  4 giant cockroaches
  4 hobgoblins
  7 kobolds
  2 quokkas (D:1)
  6 bats
  6 frilled lizards
  4 goblins
  12 rats
93 creatures vanquished.

Notes
Turn   | Place    | Note
-------+----------+-------------------------------------------
     0 | D:1      | McKennaii the Demigod Conjurer began the quest for the Orb.
     0 | D:1      | Reached XP level 1. HP: 14/14 MP: 5/5
   463 | D:1      | Found Seradegi's Magic Scroll Shoppe.
   597 | D:1      | Reached XP level 2. HP: 20/20 MP: 4/7
  1129 | D:2      | Reached skill level 4 in Conjurations
  1461 | D:2      | Reached XP level 3. HP: 26/26 MP: 6/9
  2338 | D:3      | Learned a level 2 spell: Searing Ray
  2535 | D:3      | Identified the +3 spear "Wash" {speed, Will+}
  2595 | D:3      | Reached XP level 4. HP: 19/33 MP: 1/11
  2726 | D:3      | Found a glowing drain.
  2806 | Sewer    | Entered a sewer
  3033 | Sewer    | Reached XP level 5. HP: 38/38 MP: 5/13
  3131 | Sewer    | Reached skill level 5 in Conjurations
  3287 | Sewer    | Reached XP level 6. HP: 41/45 MP: 4/15
  4013 | D:3      | Reached skill level 6 in Conjurations
  4216 | D:3      | Noticed an oklob plant
  4249 | D:3      | Killed from afar by an oklob plant

Illustrated notes

Levels and vault maps discovered:
D:1:      lemuel_arrival_rhombus, layout_basic, serial_shops,
          nicolae_shop_statue_plus, shapermc_ecumenical_altar_mp_ritualfount
D:2:      layout_basic, minmay_tree_intersection, chequers_serial_rivers_room_b,
          reono_crystal_passage, kennysheep_crisscross
D:3:      layout_rooms, tgw_fedhas, lemuel_tele_altar, lightli_sewer_entry_pipes

Skill      XL: |  1  2  3  4  5  6 |
---------------+-------------------+-----
Spellcasting   | 2 3 4 |  4.7
Conjurations   | 4 5 6 |  6.1
Dodging        | |  1.7
Stealth        | |  1.7

Action                     |  1- 3 |  4- 6 || total
---------------------------+-------+-------++-------
  Melee: Unarmed           |     4 |       ||     4
         Spear             |    11 |    39 ||    50
   Cast: Magic Dart        |    91 |    93 ||   184
         Searing Ray       |     3 |    12 ||    15
 Armour: Robe              |     6 |     2 ||     8
  Dodge: Dodged            |    27 |    23 ||    50
